 Dungeon Crawl Stone Soup version 0.21-a0-142-gdd972a7 (console) character file.

463455 adeptbot the Slayer (level 24, -7/168 HPs)
             Began as a Gargoyle Berserker on July 22, 2017.
             Was an Elder of Trog.
             Killed from afar by an ice dragon (12 damage)
             ... with a blast of cold
             ... summoned by a glowing orange brain
             ... on level 4 of the Depths on July 23, 2017.
             The game lasted 01:40:02 (56761 turns).

adeptbot the Slayer (Gargoyle Berserker)           Turns: 56761, Time: 01:40:03

Health: -7/168     AC: 54    Str: 41    XL:     24   Next: 53%
Magic:  23/23      EV: 17    Int:  8    God:    Trog [****..]
Gold:   1053       SH: 33    Dex:  9    Spells: 23/23 levels left

rFire    . . .     SeeInvis +   H - +3 broad axe (elec)
rCold    + . .     Gourm    .   O - +2 large shield
rNeg     + . .     Faith    .   s - +2 plate armour {rC+}
rPois    ∞         Spirit   .   M - +2 helmet {SInv}
rElec    +         Reflect  +   R - +1 cloak {MR+}
rCorr    .         Harm     .   L - +2 pair of gloves {Str+3}
MR       ++...                  G - +2 pair of boots
Stlth    ..........             f - +4 amulet of reflection
HPRegen  0.38/turn              Y - +4 ring of evasion
MPRegen  0.18/turn              x - +5 ring of strength

@: berserk cooldown, flying
A: big wings, negative energy resistance 1, electricity resistance, unbreathing,
petrification resistance, rot immunity, AC +17
}: 2/15 runes: serpentine, barnacled
a: Stop Flying, Berserk, Trog's Hand, Brothers in Arms, Burn Spellbooks,
Renounce Religion


You were on level 4 of the Depths.
You worshipped Trog.
Trog was greatly pleased with you.
You were very hungry.

You visited 8 branches of the dungeon, and saw 40 of its levels.
You visited 1 bazaar.

You collected 3955 gold pieces.
You spent 2902 gold pieces at shops.


Innate Abilities, Weirdness & Mutations

You are resistant to torment.
Your stone body is resilient. (AC +17)
You are immune to poison.
Your large and strong wings let you fly indefinitely.
You resist negative energy. (rN+)
You are resistant to electric shocks. (rElec)
You can survive without breathing.
You are immune to petrification.
You are immune to rotting.


   Skills:
 - Level 22.0 Fighting
 - Level 18.0 Axes
 + Level 21.3 Armour
 - Level 10.0 Dodging
 - Level 22.0 Shields


You had 23 spell levels left.
You didn't know any spells.

Inventory:

Hand Weapons
 H - a +3 broad axe of electrocution (weapon)
 I - a +4 antimagic broad axe
Armour
 c - the +6 chain mail "Enueb" {rCorr Dex+3}
   (You took it off a rakshasa on level 3 of the Depths)

   It affects your dexterity (+3).
   It protects you from acid and corrosion.
 i - a +2 cloak
 k - the +1 helmet of Etsog {Str+6}
   (You bought it in a shop on level 12 of the Dungeon)

   It affects your strength (+6).
 s - a +2 plate armour of cold resistance (worn)
 y - +0 fire dragon scales
 z - the +2 buckler of the Lotus Blossom {rCorr Dex+4}
   (You acquired it on level 6 of the Lair of Beasts)

   It affects your dexterity (+4).
   It protects you from acid and corrosion.
 F - a +0 chain mail of fire resistance
 G - a +2 pair of boots (worn)
 K - a +2 plate armour of magic resistance
 L - a +2 pair of gloves of strength (worn)
 M - a +2 helmet of see invisible (worn)
 O - a +2 large shield (worn)
 R - a +1 cloak of magic resistance (worn)
Jewellery
 a - an uncursed ring of fire
 f - a +4 amulet of reflection (around neck)
 q - an uncursed ring of fire
 t - an uncursed ring of ice
 x - a +5 ring of strength (right hand)
 B - an uncursed ring of ice
 Y - a +4 ring of evasion (left hand)
Wands
 A - a wand of digging (11/24)
 P - a wand of digging (10/24)
Scrolls
 g - 2 scrolls of brand weapon
 h - 20 scrolls of identify
 w - 5 scrolls of remove curse
 E - 5 scrolls of recharging
Potions
 b - 6 potions of might
 d - 8 potions of haste
 m - a potion of resistance
 o - 15 potions of curing
 v - 6 potions of mutation
Comestibles
 e - 18 bread rations
 l - 19 fruits
 p - 13 royal jellies
 C - 14 meat rations

Dungeon Overview and Level Annotations

Branches:
Dungeon (15/15)            Temple (1/1) D:7            Lair (6/6) D:9
 Shoals (4/4) Lair:3        Snake (4/4) Lair:2        Slime (0/5) Lair:5
    Orc (2/2) D:9             Elf (0/3) Orc:2        Vaults (4/5) D:14
  Crypt (0/3) Vaults:2     Depths (4/5) D:15

Altars:
Ashenzari
Cheibriados
Dithmenos
Elyvilon
Fedhas
Gozag
Hepliaklqana
Kikubaaqudgha
Makhleb
Nemelex Xobeh
Okawaru
Qazlal
Ru
Sif Muna
Trog
Uskayaw
Vehumet
Wu Jian
Xom
Yredelemnul
Zin
The Shining One
Beogh
Jiyva

Shops:
D:12 *   Orc:2 (%![   Shoals:1 ?   Snake:4 !

Portals:
Hell: Lair:6 Depths:1 Depths:2 Depths:3 Depths:4
Abyss: Depths:3 Depths:4
Pandemonium: Depths:3


Message History

You slice the tengu reaver!!
The tengu reaver is severely wounded.
The tengu reaver hits you but does no damage.
The tengu reaver misses you. You block the tengu reaver's attack.
You closely miss the tengu reaver.
The tengu reaver is severely wounded.
You block the tengu reaver's attack. x2; The tengu reaver completely misses you.
You closely miss the tengu reaver.
The tengu reaver is severely wounded.
You slice the tengu reaver!!
You kill the tengu reaver!
Trog accepts your kill.
Trog appreciates your killing of a magic user.
The battlesphere dissipates.
You slash the ice dragon!
Lightning courses through the ice dragon!
The ice dragon is moderately wounded.
The ice dragon breathes frost at you. The blast of cold hits you! You resist.
You die...

....##
##.......##.....##....
...## ##.....##......)
#... ..##
######......#####.. ..#
.# #....####...#.. ..#
# #. #..###..8)..#.)
..# .
#.##........#=[[.. ..#
##. #.#...###.....)#..
..# ..
..###.#....####...#.[
..##
#..#.#.#.#......#####..
...## #.......#......
##... ....##
#.###@###.#.....##....
.....# #D#
..##...#..##. .....#
#DQ*# ## .#.#[###.
..##.# ....cG. #)# #.
..##.# #.##...##H#
#.###. ...^.# .. |#.#:
** #.)##. ....## .#
###.### .. ##..#. ...##
... # ##... ..## #(#
##.. ..# #.. ..# #..


You could see 2 ice dragons, a tengu reaver, a glowing orange brain, a yaktaur
and a battlesphere.

Vanquished Creatures
  3 juggernauts
  Mara (Depths:1)
  Sojobo (Depths:4)
  Boris (Depths:4)
  Margery (Vaults:4)
  Jory (Depths:3)
  the Enchantress (Depths:4)
  Rupert (Lair:4)
  2 tentacled monstrosities (Depths:4)
  2 liches
  Asterion (Snake:2)
  A titan (Depths:4)
  4 sphinxes
  A kraken (Shoals:2)
  Frances (D:12)
  A tengu reaver (Depths:4)
  8 nagarajas (Snake:4)
  A shadow dragon (Depths:4)
  8 vault wardens
  An azure jelly (shapeshifter) (Vaults:2)
  10 fire giants
  13 frost giants
  An iron dragon (Depths:4)
  Aizul (Shoals:2)
  8 ironheart preservers
  2 war gargoyles
  9 stone giants
  4 entropy weavers
  6 very ugly things
  7 spriggan defenders
  A vampire knight (Depths:3)
  7 spark wasps
  2 dire elephants (Lair:6)
  A deep elf death mage (Vaults:1)
  A blizzard demon (Depths:1)
  Josephine (D:10)
  10 ettins
  2 merfolk javelineers (Shoals:4)
  A crystal guardian (Vaults:2)
  14 fire dragons
  10 great orbs of eyes
  5 merfolk impalers
  12 ice dragons
  21 ogre magi
  Fannar (Lair:1)
  10 yaktaur captains
  Harold (D:12)
  Erolcha (Orc:2)
  25 naga warriors
  5 hydras
  5 spriggan air magi
  8 vault guards
  10 rakshasas
  7 anacondas
  An anaconda (shapeshifter) (Depths:3)
  A merfolk avatar (Shoals:4)
  A death knight (D:13)
  6 merfolk aquamancers
  A two-headed ogre (shapeshifter) (D:15)
  9 centaur warriors
  67 two-headed ogres
  4 death yaks
  3 alligator snapping turtles
  7 deep troll earth magi
  5 tengu warriors
  A queen ant (Lair:4)
  2 satyrs (Shoals:2)
  9 deep troll shamans
  2 spriggan berserkers
  15 naga sharpshooters
  2 vampire magi
  4 shock serpents
  10 hell knights
  6 deep elf knights
  A storm dragon zombie (Vaults:4)
  26 deep trolls
  2 salamander mystics
  3 iron trolls
  A sixfirhy (Lair:6)
  A shadow wraith (Vaults:3)
  An unseen horror (shapeshifter) (Vaults:1)
  5 glowing orange brains
  18 sea snakes
  3 wizards
  16 ironbrand convokers
  5 naga ritualists
  7 unseen horrors
  2 flayed ghosts
  3 deep elf archers
  4 necromancers
  14 orc knights
  Pikel (D:8)
  14 harpies
  A lindwurm (Lair:1)
  10 mana vipers
  17 fauns
  2 orc sorcerers
  A sphinx zombie (Vaults:4)
  A manticore (shapeshifter) (Depths:1)
  30 ugly things
  10 cyclopes
  16 manticores
  7 deep elf magi
  A frost giant zombie (Depths:1)
  2 oklob plants (D:11)
  A black mamba (shapeshifter) (D:15)
  13 merfolk sirens
  A cyclops (shapeshifter) (Depths:1)
  5 guardian serpents
  14 salamanders
  A stone giant zombie (Depths:1)
  38 black mambas
  Joseph (D:8)
  5 elephants
  A smoke demon (Lair:6)
  2 rust devils (D:11)
  Maurice (D:8)
  2 spiny frogs (shapeshifter)
  16 vault sentinels
  11 water nymphs
  2 stone giant skeletons
  4 gargoyles
  24 naga magi
  Psyche (D:8)
  5 spectral swamp worms (Depths:2)
  8 spiny frogs
  An orange demon (D:11)
  5 rime drakes
  9 komodo dragons
  A spark wasp simulacrum (Depths:1)
  2 ice devils
  40 yaktaurs
  5 freezing wraiths
  7 trolls
  29 merfolk
  6 red devils
  A meliai (shapeshifter) (Depths:3)
  A yaktaur skeleton (Vaults:4)
  6 tengu conjurers
  A jumping spider (Vaults:4)
  A polar bear (Lair:2)
  A sphinx simulacrum (Vaults:4)
  3 hornets
  9 blink frogs
  9 wind drakes
  2 meliai zombies (D:14)
  30 slime creatures
  A blink frog (shapeshifter) (Depths:1)
  A hippogriff (shapeshifter) (Depths:1)
  2 ettin zombies
  10 hippogriffs
  6 snapping turtles
  An ice dragon zombie (Depths:1)
  Sigmund (D:4)
  11 water elementals
  6 spriggans
  6 air elementals
  2 centaur simulacra (D:15)
  A redback (Vaults:4)
  6 hogs (Lair:6)
  A shadow (D:15)
  4 vampires
  61 yaks
  3 wyverns
  4 basilisks
  A human (shapeshifter) (Vaults:4)
  8 wraiths
  4 hungry ghosts
  A basilisk (shapeshifter) (Vaults:2)
  2 vampire mosquitoes (D:14)
  Edmund (D:4)
  13 wargs
  3 acid dragons
  15 soldier ants (Lair:4)
  13 water moccasins
  69 nagas
  A floating eye (Depths:2)
  17 porcupines
  5 hell hounds
  Duvessa (D:4)
  35 orc warriors
  2 sky beasts
  5 ice beasts
  A black bear (shapeshifter) (Vaults:4)
  3 black bears
  A necrophage (D:14)
  58 ogres
  2 eyes of draining
  16 centaurs
  7 wolves
  An elf zombie (Vaults:1)
  A wolf (shapeshifter) (Vaults:2)
  5 boggarts (Depths:1)
  15 crocodiles
  4 big kobolds
  A big kobold (shapeshifter) (Depths:4)
  20 bullfrogs
  Blork the orc (D:6)
  Dowan (D:4)
  A wyvern skeleton (D:12)
  10 scorpions
  16 killer bees
  5 howler monkeys
  2 vampire bats (Lair:2)
  3 wights (D:9)
  3 electric eels
  A human simulacrum (Vaults:2)
  7 crimson imps
  A centaur zombie (D:6)
  2 quasits
  6 hounds
  5 iron imps (D:11)
  A bullfrog skeleton (D:12)
  8 centaur skeletons
  5 human zombies
  2 jellies
  20 orc priests
  19 orc wizards
  A gnoll shaman (D:10)
  2 iguanas
  A human skeleton (D:9)
  6 hell rats (Lair:6)
  29 worker ants
  2 hound skeletons (D:9)
  3 mummies (D:9)
  10 gnolls
  7 adders
  6 shadow imps
  An ooze (D:2)
  3 adder zombies
  An adder skeleton (D:9)
  4 worms (D:2)
  A dart slug (D:1)
  8 leopard geckos
  92 orcs
  9 giant cockroaches
  14 goblins
  5 hobgoblins
  10 jackals
  17 kobolds
  3 quokkas
  24 bats
  9 frilled lizards
  A giant cockroach zombie (D:6)
  A leopard gecko zombie (D:8)
  An orc skeleton (D:9)
  7 rats
  A bush (Shoals:2)
  5 fungi
  14 plants
  3 tentacles (Shoals:2)
1847 creatures vanquished.

Vanquished Creatures (collateral kills)
  Frederick (Depths:2)
  Ilsuiw (Shoals:4)
  A frost giant (Depths:1)
  An ironheart preserver (Vaults:4)
  A yaktaur captain (Depths:1)
  A rakshasa (Depths:1)
  2 merfolk avatars (Shoals:4)
  6 hydras
  A merfolk aquamancer (Shoals:4)
  3 ogre magi
  A two-headed ogre (Vaults:4)
  A tengu warrior (Depths:2)
  A hell knight (Vaults:4)
  3 deep trolls
  A deep elf mage (Vaults:4)
  An orc knight (Vaults:1)
  A cyclops (Vaults:1)
  An orc sorcerer (Vaults:1)
  A salamander (Depths:1)
  2 manticores
  A vault sentinel (Vaults:2)
  A spiny frog (Lair:6)
  2 yaktaurs (Vaults:2)
  3 merfolk (Shoals:4)
  A snapping turtle (Shoals:4)
  A hippogriff (Lair:6)
  An orc simulacrum (Vaults:1)
  A wyvern (Lair:4)
  3 redbacks (Vaults:4)
  A yak (Lair:1)
  A water moccasin (Lair:6)
  2 porcupines (Lair:1)
  2 orc warriors
  6 ogres (Vaults:4)
  9 boggarts
  A bullfrog (Lair:4)
  2 orcs
69 creatures vanquished.

Vanquished Creatures (others)
  Kirke (Lair:6)
  A stone giant (Depths:2)
  2 merfolk javelineers (Shoals:4)
  An ice dragon (Depths:4)
  A yaktaur captain (Depths:4)
  3 naga sharpshooters
  A deep elf archer (Vaults:3)
  A faun (Shoals:3)
  A cyclops (D:14)
  A merfolk siren (Shoals:4)
  A naga mage (Snake:2)
  A black mamba (Snake:4)
  10 yaktaurs
  A hornet (Depths:3)
  2 slaves (D:8)
  An ice beast (D:8)
  3 centaurs
  A hound (D:8)
  An orc priest (D:8)
  An orc wizard (D:8)
  An adder zombie (D:8)
  2 orcs (D:8)
  A bush (Lair:6)
  18 fungi
  31 plants
  3 tentacles (Shoals:2)
91 creatures vanquished.

Grand Total: 2007 creatures vanquished

Notes
Turn   | Place    | Note
-------+----------+-------------------------------------------
     0 | D:1      | adeptbot the Gargoyle Berserker began the quest for the Orb.
     0 | D:1      | Reached XP level 1. HP: 14/14 MP: 1/1
     0 | D:1      | 0 ||| counter = 8
   141 | D:1      | Reached skill level 3 in Axes
   160 | D:1      | Reached XP level 2. HP: 18/19 MP: 2/2
   801 | D:1      | 801 ||| UPGRADING to leather armour.
   811 | D:1      | 811 ||| DROPPING +0 animal skin.
   812 | D:1      | 812 ||| READING scroll labeled QOUDAD HEITU.
   815 | D:1      | 815 ||| READING 4 scrolls labeled UCLOIH UKADDUA.
   816 | D:1      | 816 ||| READING scroll labeled SITIURCHANU.
   817 | D:1      | 817 ||| READING scroll labeled FOUCIHI ESSU.
   818 | D:1      | 818 ||| READING scroll labeled COEHISO VIOMPA.
   819 | D:1      | 819 ||| READING 3 scrolls of identify.
   819 | D:1      | 819 ||| IDENTIFYING knobbly agate ring
   820 | D:1      | 820 ||| UPGRADING to +5 ring of strength.
   821 | D:1      | 821 ||| READING 2 scrolls of identify.
   821 | D:1      | 821 ||| IDENTIFYING inky potion
   870 | D:2      | 870 ||| INVOKING Berserk.
   873 | D:2      | Reached XP level 3. HP: 23/23 MP: 3/3
   943 | D:2      | 943 ||| EATING 2 bread rations.
  1057 | D:2      | Found a shadowy altar of Dithmenos.
  1069 | D:2      | Found a hide-covered altar of Uskayaw.
  1070 | D:2      | Found a glowing silver altar of Zin.
  1362 | D:2      | 1362 ||| INVOKING Berserk.
  1428 | D:2      | Found an ornate altar of the Wu Jian Council.
  1694 | D:2      | Reached ** piety under Trog
  1959 | D:2      | 1959 ||| INVOKING Berserk.
  1970 | D:2      | 1970 ||| EATING 3 fruits.
  2048 | D:2      | 2048 ||| UPGRADING to buckler.
  2053 | D:2      | 2053 ||| READING scroll labeled VIDO JYWUG.
  2054 | D:2      | 2054 ||| READING scroll labeled JAESSARCHUL.
  2055 | D:2      | 2055 ||| DRINKING 2 glowing brown potions.
  2056 | D:2      | 2056 ||| READING scroll of identify.
  2056 | D:2      | 2056 ||| IDENTIFYING ruby ring
  2124 | D:2      | 2124 ||| INVOKING Berserk.
  2187 | D:2      | Reached XP level 4. HP: 28/28 MP: 4/4
  2192 | D:2      | 2192 ||| DROPPING mace.
  2215 | D:3      | Reached skill level 1 in Shields
  2325 | D:3      | 2325 ||| INVOKING Berserk.
  2445 | D:3      | Reached skill level 3 in Shields
  2445 | D:3      | Reached XP level 5. HP: 23/32 MP: 5/5
  2648 | D:3      | 2648 ||| UPGRADING to flail.
  2649 | D:3      | 2649 ||| SWAPPING to +0 hand axe.
  2778 | D:3      | 2778 ||| STAIRDANCE
  2983 | D:3      | 2983 ||| EATING 3 fruits.
  3027 | D:3      | Found an opulent altar of Gozag.
  3553 | D:3      | 3553 ||| UPGRADING to runed mace.
  3554 | D:3      | 3554 ||| READING scroll of remove curse.
  3555 | D:3      | 3555 ||| SWAPPING to +0 hand axe.
  3556 | D:3      | 3556 ||| DROPPING -1 mace.
  3580 | D:3      | 3580 ||| UPGRADING to ring mail.
  3590 | D:3      | 3590 ||| DROPPING +0 leather armour.
  3591 | D:3      | 3591 ||| READING scroll labeled PIRODE ENTENOMITI.
  3592 | D:3      | 3592 ||| READING 3 scrolls of identify.
  3592 | D:3      | 3592 ||| IDENTIFYING knobbly ruby ring
  3593 | D:3      | 3593 ||| UPGRADING to ring of protection from magic.
  3594 | D:3      | 3594 ||| READING 2 scrolls of identify.
  3594 | D:3      | 3594 ||| IDENTIFYING fizzy silvery potion
  3684 | D:4      | Got a dazzling scale mail
  3804 | D:4      | Noticed Sigmund
  3812 | D:4      | 3812 ||| INVOKING Berserk.
  3816 | D:4      | 3816 ||| READING scroll of teleportation.
  3915 | D:4      | 3915 ||| Invisible monster not found???
  3915 | D:4      | 3915 ||| EATING 2 fruits.
  4003 | D:4      | Reached XP level 6. HP: 37/37 MP: 6/6
  4004 | D:4      | 4004 ||| EATING fruit.
  4021 | D:4      | Found a deep blue altar of Sif Muna.
  4075 | D:4      | Noticed Edmund
  4076 | D:4      | Noticed Duvessa
  4077 | D:4      | Noticed Dowan
  4077 | D:4      | 4077 ||| INVOKING Berserk.
  4084 | D:4      | Killed Edmund
  4089 | D:4      | Killed Duvessa
  4089 | D:4      | Reached XP level 7. HP: 44/44 MP: 7/7
  4096 | D:4      | HP: 7/44 [Dowan/shard of ice (13)]
  4102 | D:4      | Killed Dowan
  4102 | D:4      | Reached *** piety under Trog
  4162 | D:4      | 4162 ||| EATING royal jelly.
  4578 | D:4      | Reached skill level 6 in Axes
  4829 | D:4      | 4829 ||| DROPPING +0 flail.
  4830 | D:4      | 4830 ||| UPGRADING to morningstar.
  4831 | D:4      | 4831 ||| SWAPPING to +0 hand axe.
  4934 | D:4      | 4934 ||| STAIRDANCE
  4982 | D:3      | 4982 ||| UPGRADING to plate armour.
  4992 | D:3      | 4992 ||| DROPPING +0 ring mail.
  4993 | D:3      | 4993 ||| DROPPING dazzling scale mail.
  4994 | D:3      | 4994 ||| UPGRADING to pair of gloves.
  4999 | D:3      | 4999 ||| READING 3 scrolls labeled OLIGHO SEI.
  5000 | D:3      | 5000 ||| DROPPING 2 scrolls of random uselessness.
  5093 | D:4      | 5093 ||| INVOKING Berserk.
  5099 | D:4      | Reached skill level 3 in Armour
  5099 | D:4      | Reached XP level 8. HP: 29/48 MP: 8/8
  5108 | D:4      | Killed Sigmund
  5111 | D:4      | 5111 ||| EATING 3 bread rations.
  5424 | D:4      | Found a burning altar of Makhleb.
  5726 | D:4      | 5726 ||| DRINKING 2 brown potions.
  5727 | D:4      | 5727 ||| READING 2 scrolls of identify.
  5727 | D:4      | 5727 ||| IDENTIFYING grey potion
  5728 | D:4      | 5728 ||| DROPPING potion of lignification.
  5729 | D:4      | 5729 ||| DROPPING potion of agility.
  5756 | D:5      | Entered Level 5 of the Dungeon
  5779 | D:5      | Found a radiant altar of Vehumet.
  5833 | D:5      | 5833 ||| INVOKING Berserk.
  6060 | D:5      | Found a blossoming altar of Fedhas.
  6174 | D:5      | Found a sparkling altar of Nemelex Xobeh.
  6278 | D:5      | 6278 ||| UPGRADING to glowing beryl amulet.
  6279 | D:5      | 6279 ||| UPGRADING to encrusted onyx ring.
  6281 | D:5      | 6281 ||| UPGRADING to +5 ring of strength.
  6283 | D:5      | 6283 ||| READING scroll labeled UREANTUIMN.
  6420 | D:6      | Found a blossoming altar of Fedhas.
  6504 | D:6      | Found a glowing golden altar of the Shining One.
  6536 | D:6      | 6536 ||| INVOKING Berserk.
  6539 | D:6      | Reached skill level 6 in Fighting
  6551 | D:6      | 6551 ||| DRINKING 3 potions of curing.
  6551 | D:6      | 6551 ||| (to cure confusion)
  6588 | D:6      | 6588 ||| SWAPPING to war axe.
  6591 | D:6      | 6591 ||| DROPPING +0 hand axe.
  6602 | D:6      | 6602 ||| READING scroll of enchant armour.
  6602 | D:6      | 6602 ||| ENCHANTING +0 pair of gloves.
  6632 | D:6      | 6632 ||| INVOKING Burn Spellbooks.
  6671 | D:6      | 6671 ||| INVOKING Berserk.
  6677 | D:6      | Reached XP level 9. HP: 55/55 MP: 9/9
  6766 | D:6      | Noticed Blork the orc
  6777 | D:6      | Killed Blork the orc
  6777 | D:6      | Reached **** piety under Trog
  6922 | D:6      | 6922 ||| INVOKING Berserk.
  6926 | D:6      | Reached skill level 9 in Axes
  7026 | D:6      | Found a snail-covered altar of Cheibriados.
  7475 | D:7      | 7475 ||| READING scroll of enchant armour.
  7475 | D:7      | 7475 ||| ENCHANTING +1 pair of gloves.
  7527 | D:7      | 7527 ||| INVOKING Berserk.
  7718 | D:7      | 7718 ||| DRINKING 2 fizzy green potions.
  7719 | D:7      | 7719 ||| READING 2 scrolls of identify.
  7719 | D:7      | 7719 ||| IDENTIFYING lumpy blue potion
  7720 | D:7      | 7720 ||| DROPPING potion of degeneration.
  7721 | D:7      | 7721 ||| READING 5 scrolls of teleportation.
  7779 | D:7      | Found a staircase to the Ecumenical Temple.
  7788 | Temple   | Entered the Ecumenical Temple
  7789 | Temple   | 7789 ||| Entered T.
  7925 | Temple   | 7925 ||| EATING royal jelly.
  8035 | D:8      | 8035 ||| STAIRDANCE
  8042 | D:8      | 8042 ||| STAIRDANCE
  8051 | D:8      | 8051 ||| STAIRDANCE
  8056 | D:7      | 8056 ||| DRINKING 3 potions of curing.
  8056 | D:7      | 8056 ||| (to cure confusion)
  8094 | D:8      | Noticed Pikel
  8100 | D:8      | 8100 ||| INVOKING Berserk.
  8104 | D:8      | Killed Pikel
  8152 | D:8      | 8152 ||| STAIRDANCE
  8300 | D:8      | Noticed Maurice
  8320 | D:8      | Noticed Joseph
  8324 | D:8      | Found a shimmering altar of Xom.
  8331 | D:8      | 8331 ||| INVOKING Berserk.
  8342 | D:8      | Killed Joseph
  8342 | D:8      | Reached skill level 6 in Armour
  8346 | D:8      | 8346 ||| READING 5 scrolls of teleportation.
  8442 | D:8      | 8442 ||| EATING 4 bread rations.
  8443 | D:8      | 8443 ||| Invisible monster not found???
  8539 | D:8      | 8539 ||| EATING royal jelly.
  8552 | D:8      | Noticed Psyche
  8557 | D:8      | 8557 ||| INVOKING Berserk.
  8563 | D:8      | Killed Psyche
  8563 | D:8      | Reached XP level 10. HP: 64/64 MP: 10/10
  8668 | D:8      | Killed Maurice
  9343 | D:8      | 9343 ||| UPGRADING to embroidered cloak.
  9348 | D:8      | 9348 ||| READING scroll labeled OLYNOUFFYP.
  9349 | D:8      | 9349 ||| DRINKING 2 white potions.
  9350 | D:8      | 9350 ||| READING 2 scrolls of identify.
  9350 | D:8      | 9350 ||| IDENTIFYING purple potion
  9351 | D:8      | 9351 ||| DROPPING wand of lightning (?/15).
  9352 | D:8      | 9352 ||| DROPPING potion of cancellation.
  9375 | D:9      | Noticed a two-headed ogre
  9380 | D:9      | 9380 ||| INVOKING Berserk.
  9389 | D:9      | Killed a two-headed ogre
  9389 | D:9      | Reached skill level 3 in Dodging
  9557 | D:9      | Noticed a two-headed ogre
  9567 | D:9      | 9567 ||| INVOKING Berserk.
  9573 | D:9      | Killed a two-headed ogre
  9573 | D:9      | Reached ***** piety under Trog
  9573 | D:9      | Reached skill level 9 in Fighting
  9757 | D:9      | 9757 ||| INVOKING Berserk.
  9798 | D:9      | 9798 ||| EATING royal jelly.
  9821 | D:9      | Found a staircase to the Orcish Mines.
  9980 | D:9      | Reached XP level 11. HP: 71/71 MP: 11/11
  9993 | D:9      | Found a staircase to the Lair.
 10607 | D:9      | 10607 ||| EATING 4 fruits.
 10613 | D:9      | Found an ancient bone altar of Kikubaaqudgha.
 10654 | D:9      | Received a gift from Trog
 10710 | D:9      | 10710 ||| UPGRADING to helmet.
 10785 | Lair:1   | Entered Level 1 of the Lair of Beasts
 10786 | Lair:1   | 10786 ||| Entered L.
 10812 | Lair:1   | 10812 ||| STAIRDANCE
 10857 | D:9      | 10857 ||| EATING 3 fruits.
 10911 | Lair:1   | 10911 ||| INVOKING Berserk.
 10966 | Lair:1   | 10966 ||| INVOKING Berserk.
 11093 | Lair:1   | Reached skill level 9 in Armour
 11141 | Lair:1   | 11141 ||| INVOKING Berserk.
 11285 | Lair:1   | Noticed an eight-headed hydra
 11290 | Lair:1   | 11290 ||| INVOKING Brothers in Arms.
 11293 | Lair:1   | 11293 ||| SWAPPING to -3 morningstar.
 11295 | Lair:1   | 11295 ||| INVOKING Berserk.
 11296 | Lair:1   | Killed an eight-headed hydra
 11317 | Lair:1   | 11317 ||| SWAPPING to +0 war axe.
 11463 | Lair:1   | 11463 ||| SWAPPING to runed war axe.
 11464 | Lair:1   | 11464 ||| DROPPING +0 war axe.
 11478 | Lair:1   | 11478 ||| INVOKING Berserk.
 11481 | Lair:1   | Reached skill level 12 in Axes
 11541 | Lair:1   | 11541 ||| INVOKING Berserk.
 11589 | Lair:1   | Noticed a lindwurm
 11591 | Lair:1   | Noticed Fannar
 11599 | Lair:1   | Killed a lindwurm
 11607 | Lair:1   | Killed Fannar
 12094 | Lair:1   | 12094 ||| UPGRADING to glowing helmet.
 12104 | Lair:1   | 12104 ||| DROPPING +0 helmet.
 12105 | Lair:1   | 12105 ||| UPGRADING to knobbly wooden ring.
 12107 | Lair:1   | 12107 ||| READING 4 scrolls of remove curse.
 12108 | Lair:1   | 12108 ||| REMOVING ring of loudness.
 12109 | Lair:1   | 12109 ||| UPGRADING to ring of positive energy.
 12110 | Lair:1   | 12110 ||| DROPPING ring of loudness.
 12111 | Lair:1   | 12111 ||| UPGRADING to ring of ice.
 12113 | Lair:1   | 12113 ||| REMOVING ring of ice.
 12114 | Lair:1   | 12114 ||| UPGRADING to +5 ring of strength.
 12115 | Lair:1   | 12115 ||| UPGRADING to coral ring.
 12117 | Lair:1   | 12117 ||| DROPPING ring of positive energy.
 12118 | Lair:1   | 12118 ||| UPGRADING to +5 ring of strength.
 12120 | Lair:1   | 12120 ||| UPGRADING to +4 ring of dexterity.
 12122 | Lair:1   | 12122 ||| DROPPING ring of protection from magic.
 12123 | Lair:1   | 12123 ||| READING scroll labeled EPABRECHEU.
 12124 | Lair:1   | 12124 ||| READING scroll labeled QEADDORRIUSI.
 12125 | Lair:1   | 12125 ||| DRINKING 2 sedimented orange potions.
 12126 | Lair:1   | 12126 ||| READING 2 scrolls of identify.
 12126 | Lair:1   | 12126 ||| IDENTIFYING fizzy red potion
 12127 | Lair:1   | 12127 ||| DROPPING potion of flight.
 12128 | Lair:1   | 12128 ||| DROPPING potion of brilliance.
 12167 | Lair:2   | 12167 ||| STAIRDANCE
 12193 | Lair:1   | 12193 ||| STAIRDANCE
 12280 | Lair:2   | 12280 ||| INVOKING Berserk.
 12284 | Lair:2   | Reached XP level 12. HP: 77/77 MP: 12/12
 12404 | Lair:2   | Found a staircase to the Snake Pit.
 12632 | Lair:2   | Got a distressingly furry plate armour
 12727 | Lair:2   | Found a frozen archway.
 13198 | Lair:2   | 13198 ||| UPGRADING to distressingly furry plate armour.
 13208 | Lair:2   | Identified the +6 plate armour of a bailey {-Tele rC+ rN+ Int+3} (You found it on level 2 of the Lair of Beasts)
 13208 | Lair:2   | 13208 ||| UPGRADING to +0 plate armour.
 13218 | Lair:2   | 13218 ||| DROPPING +6 plate armour of a bailey {-Tele rC+ rN+ Int+3}.
 13219 | Lair:2   | 13219 ||| UPGRADING to twisted ivory ring.
 13221 | Lair:2   | 13221 ||| READING 3 scrolls of remove curse.
 13222 | Lair:2   | 13222 ||| REMOVING -2 ring of slaying {mikee}.
 13223 | Lair:2   | 13223 ||| DROPPING -2 ring of slaying {mikee}.
 13224 | Lair:2   | 13224 ||| UPGRADING to +5 ring of strength.
 13225 | Lair:2   | 13225 ||| READING 2 scrolls labeled ETUUS MESIMUEL.
 13226 | Lair:2   | 13226 ||| READING 3 scrolls of identify.
 13226 | Lair:2   | 13226 ||| IDENTIFYING murky green potion
 13227 | Lair:2   | 13227 ||| READING 2 scrolls of identify.
 13227 | Lair:2   | 13227 ||| IDENTIFYING sedimented purple potion
 13228 | Lair:2   | 13228 ||| DROPPING potion of ambrosia.
 13229 | Lair:2   | 13229 ||| DROPPING scroll of vulnerability.
 13365 | Lair:3   | Found a staircase to the Shoals.
 13540 | Lair:3   | 13540 ||| INVOKING Berserk.
 13584 | Lair:3   | 13584 ||| INVOKING Berserk.
 13594 | Lair:3   | 13594 ||| READING 7 scrolls of teleportation.
 13664 | Lair:3   | 13664 ||| INVOKING Berserk.
 13685 | Lair:3   | 13685 ||| READING 6 scrolls of teleportation.
 13689 | Lair:3   | Noticed a five-headed hydra
 13715 | Lair:3   | 13715 ||| INVOKING Brothers in Arms.
 13717 | Lair:3   | 13717 ||| SWAPPING to -3 morningstar.
 13719 | Lair:3   | 13719 ||| INVOKING Berserk.
 13721 | Lair:3   | Killed a five-headed hydra
 13726 | Lair:3   | 13726 ||| SWAPPING to +1 war axe of electrocution.
 13816 | Lair:3   | 13816 ||| INVOKING Berserk.
 13822 | Lair:3   | 13822 ||| READING 5 scrolls of teleportation.
 13899 | Lair:3   | 13899 ||| EATING 4 fruits.
 13913 | Lair:3   | 13913 ||| INVOKING Berserk.
 13918 | Lair:3   | 13918 ||| EATING 5 fruits.
 13925 | Lair:3   | 13925 ||| READING 4 scrolls of teleportation.
 13971 | Lair:3   | 13971 ||| EATING 4 fruits.
 14024 | Lair:3   | Received a gift from Trog
 14157 | Lair:3   | 14157 ||| INVOKING Berserk.
 14170 | Lair:3   | 14170 ||| EATING 8 fruits.
 14255 | Lair:3   | 14255 ||| EATING 7 fruits.
 14534 | Lair:3   | 14534 ||| UPGRADING to large agate ring.
 14536 | Lair:3   | 14536 ||| UPGRADING to shiny emerald ring.
 14538 | Lair:3   | 14538 ||| REMOVING +3 ring of intelligence.
 14539 | Lair:3   | 14539 ||| EATING 6 fruits.
 14540 | Lair:3   | 14540 ||| UPGRADING to +5 ring of strength.
 14541 | Lair:3   | 14541 ||| DROPPING +3 ring of intelligence.
 14542 | Lair:3   | 14542 ||| DROPPING +1 ring of evasion.
 14774 | Lair:4   | Reached XP level 13. HP: 84/84 MP: 13/13
 14816 | Lair:4   | Noticed an entropy weaver
 14816 | Lair:4   | 14816 ||| INVOKING Brothers in Arms.
 14823 | Lair:4   | 14823 ||| INVOKING Brothers in Arms.
 14828 | Lair:4   | Killed an entropy weaver
 14849 | Lair:4   | Noticed an entropy weaver
 14849 | Lair:4   | 14849 ||| INVOKING Brothers in Arms.
 14863 | Lair:4   | 14863 ||| INVOKING Berserk.
 14868 | Lair:4   | Killed an entropy weaver
 15213 | Lair:4   | 15213 ||| INVOKING Brothers in Arms.
 15214 | Lair:4   | 15214 ||| INVOKING Brothers in Arms.
 15216 | Lair:4   | 15216 ||| SWAPPING to -3 morningstar.
 15217 | Lair:4   | 15217 ||| INVOKING Berserk.
 15223 | Lair:4   | 15223 ||| SWAPPING to +1 war axe of electrocution.
 15661 | Lair:4   | Noticed Rupert
 15661 | Lair:4   | 15661 ||| INVOKING Trog's Hand.
 15668 | Lair:4   | 15668 ||| INVOKING Berserk.
 15676 | Lair:4   | Reached skill level 15 in Axes
 15683 | Lair:4   | Killed Rupert
 15723 | Lair:4   | 15723 ||| EATING 5 fruits.
 15892 | Lair:4   | Reached skill level 12 in Fighting
 16183 | Lair:4   | 16183 ||| INVOKING Brothers in Arms.
 16184 | Lair:4   | 16184 ||| INVOKING Brothers in Arms.
 16185 | Lair:4   | 16185 ||| INVOKING Brothers in Arms.
 16186 | Lair:4   | 16186 ||| SWAPPING to -3 morningstar.
 16187 | Lair:4   | 16187 ||| INVOKING Berserk.
 16195 | Lair:4   | 16195 ||| SWAPPING to +1 war axe of electrocution.
 16338 | Lair:4   | 16338 ||| UPGRADING to shiny chain mail.
 16348 | Lair:4   | 16348 ||| UPGRADING to +0 plate armour.
 16358 | Lair:4   | 16358 ||| DROPPING +3 chain mail.
 16359 | Lair:4   | 16359 ||| READING scroll labeled KUYMOIN UCLYIBB.
 16414 | Lair:5   | Found a viscous altar of Jiyva.
 16415 | Lair:5   | Found a staircase to the Slime Pits.
 16672 | Lair:5   | 16672 ||| DROPPING -3 morningstar.
 16673 | Lair:5   | 16673 ||| UPGRADING to morningstar.
 16674 | Lair:5   | 16674 ||| SWAPPING to +1 war axe of electrocution.
 16743 | Lair:5   | 16743 ||| INVOKING Burn Spellbooks.
 17248 | Lair:5   | 17248 ||| STAIRDANCE
 17284 | Lair:4   | 17284 ||| UPGRADING to encrusted glass ring.
 17286 | Lair:4   | 17286 ||| REMOVING ring of flight.
 17287 | Lair:4   | 17287 ||| DROPPING ring of flight.
 17288 | Lair:4   | 17288 ||| UPGRADING to ring of strength.
 17289 | Lair:4   | 17289 ||| UPGRADING to +5 ring of strength.
 17291 | Lair:4   | 17291 ||| UPGRADING to +3 ring of strength.
 17293 | Lair:4   | 17293 ||| DROPPING +4 ring of dexterity.
 17294 | Lair:4   | 17294 ||| READING 2 scrolls of identify.
 17294 | Lair:4   | 17294 ||| IDENTIFYING fizzy dark potion
 17295 | Lair:4   | 17295 ||| DROPPING potion of berserk rage.
 17301 | Lair:5   | 17301 ||| EATING 7 fruits.
 17484 | Lair:6   | Entered Level 6 of the Lair of Beasts
 17541 | Lair:6   | Gained mutation: Your large and strong wings let you fly indefinitely. [Gargoyle growth]
 17541 | Lair:6   | Reached XP level 14. HP: 92/92 MP: 14/14
 17555 | Lair:6   | Received a gift from Trog
 17566 | Lair:6   | 17566 ||| INVOKING Fly.
 17566 | Lair:6   | 17566 ||| FLYING.
 17569 | Lair:6   | 17569 ||| SWAPPING to glowing broad axe {god gift}.
 17570 | Lair:6   | 17570 ||| DROPPING +1 war axe of electrocution.
 17589 | Lair:6   | Noticed Kirke
 17590 | Lair:6   | 17590 ||| INVOKING Trog's Hand.
 17599 | Lair:6   | 17599 ||| INVOKING Brothers in Arms.
 17603 | Lair:6   | Killed Kirke
 17604 | Lair:6   | 17604 ||| SWAPPING to +0 morningstar.
 17615 | Lair:6   | 17615 ||| SWAPPING to +3 broad axe of chopping.
 17859 | Lair:6   | 17859 ||| INVOKING Brothers in Arms.
 17860 | Lair:6   | 17860 ||| INVOKING Brothers in Arms.
 17861 | Lair:6   | Noticed a dire elephant
 17862 | Lair:6   | 17862 ||| SWAPPING to +0 morningstar.
 17863 | Lair:6   | 17863 ||| INVOKING Berserk.
 17879 | Lair:6   | Killed a dire elephant
 17880 | Lair:6   | 17880 ||| SWAPPING to +3 broad axe of chopping.
 18006 | Lair:6   | 18006 ||| INVOKING Brothers in Arms.
 18007 | Lair:6   | 18007 ||| INVOKING Brothers in Arms.
 18009 | Lair:6   | 18009 ||| INVOKING Brothers in Arms.
 18010 | Lair:6   | 18010 ||| INVOKING Brothers in Arms.
 18011 | Lair:6   | 18011 ||| SWAPPING to +0 morningstar.
 18012 | Lair:6   | 18012 ||| INVOKING Berserk.
 18018 | Lair:6   | 18018 ||| SWAPPING to +3 broad axe of chopping.
 18137 | Lair:6   | Noticed a dire elephant
 18139 | Lair:6   | 18139 ||| INVOKING Berserk.
 18145 | Lair:6   | Killed a dire elephant
 18155 | Lair:6   | Reached skill level 12 in Armour
 18232 | Lair:6   | 18232 ||| INVOKING Trog's Hand.
 18247 | Lair:6   | Found a burning altar of Makhleb.
 18275 | Lair:6   | 18275 ||| INVOKING Berserk.
 18289 | Lair:6   | 18289 ||| READING 4 scrolls of teleportation.
 18822 | Lair:6   | 18822 ||| INVOKING Brothers in Arms.
 18824 | Lair:6   | 18824 ||| SWAPPING to +0 morningstar.
 18826 | Lair:6   | 18826 ||| INVOKING Berserk.
 18836 | Lair:6   | 18836 ||| SWAPPING to +3 broad axe of chopping.
 19021 | Lair:6   | Found a gateway to Hell.
 19057 | Lair:6   | 19057 ||| UPGRADING to runed helmet.
 19067 | Lair:6   | 19067 ||| DROPPING +1 helmet.
 19068 | Lair:6   | 19068 ||| UPGRADING to pair of boots.
 19073 | Lair:6   | 19073 ||| UPGRADING to bone ring.
 19075 | Lair:6   | 19075 ||| REMOVING ring of magical power.
 19076 | Lair:6   | 19076 ||| DROPPING ring of magical power.
 19077 | Lair:6   | 19077 ||| UPGRADING to +5 ring of strength.
 19078 | Lair:6   | 19078 ||| READING 2 scrolls labeled TUJUSY KILYKOURPH.
 19078 | Lair:6   | Identified 2 scrolls of acquirement
 19079 | Lair:6   | 19079 ||| READING scroll of acquirement.
 19080 | Lair:6   | Got a crude buckler
 19080 | Lair:6   | Got an ichor-stained scarf
 19081 | Lair:6   | 19081 ||| UPGRADING to crude buckler.
 19091 | Lair:6   | Identified the +2 buckler of the Lotus Blossom {rCorr Dex+4} (You acquired it on level 6 of the Lair of Beasts)
 19091 | Lair:6   | 19091 ||| DROPPING +0 buckler.
 19092 | Lair:6   | 19092 ||| UPGRADING to ichor-stained scarf.
 19102 | Lair:6   | Identified the scarf of the Iron City of Dis {rN+ Str+3 Int+3} (You acquired it on level 6 of the Lair of Beasts)
 19102 | Lair:6   | 19102 ||| UPGRADING to +1 cloak.
 19112 | Lair:6   | 19112 ||| EATING 6 fruits.
 19113 | Lair:6   | 19113 ||| DROPPING scarf of the Iron City of Dis {rN+ Str+3 Int+3}.
 19114 | Lair:6   | 19114 ||| READING scroll labeled ASMYUGOCWA.
 19319 | D:10     | Entered Level 10 of the Dungeon
 19394 | D:10     | 19394 ||| EATING 5 fruits.
 19618 | D:10     | Noticed Josephine
 19625 | D:10     | Killed Josephine
 20054 | D:10     | Received a gift from Trog
 20224 | D:11     | Found a blossoming altar of Fedhas.
 20228 | D:11     | 20228 ||| INVOKING Berserk.
 20661 | D:11     | Found an ancient bone altar of Kikubaaqudgha.
 20947 | D:11     | Got a jacinth-encrusted chain mail
 21133 | D:11     | Reached XP level 15. HP: 91/98 MP: 15/15
 21169 | D:11     | Found a roughly hewn altar of Beogh.
 21329 | D:11     | 21329 ||| UPGRADING to jacinth-encrusted chain mail.
 21339 | D:11     | Identified the +5 chain mail "Qixzopof" {+Blink rCorr Dex-3} (You found it on level 11 of the Dungeon)
 21339 | D:11     | 21339 ||| UPGRADING to +0 plate armour.
 21349 | D:11     | 21349 ||| DROPPING 5 tomahawks.
 21353 | D:12     | Noticed Harold
 21367 | D:12     | Killed Harold
 21673 | D:12     | Found Xiere's General Store.
 21686 | D:12     | Bought the +1 helmet of Etsog {Str+6} for 494 gold pieces
 21686 | D:12     | Bought a wand of digging (11/24) for 510 gold pieces
 21686 | D:12     | Bought a potion of heal wounds for 85 gold pieces
 22147 | D:12     | Received a gift from Trog
 22215 | D:12     | Noticed Frances
 22221 | D:12     | 22221 ||| INVOKING Brothers in Arms.
 22223 | D:12     | 22223 ||| INVOKING Berserk.
 22231 | D:12     | Killed Frances
 22406 | D:12     | 22406 ||| INVOKING Berserk.
 22481 | D:12     | 22481 ||| INVOKING Trog's Hand.
 22483 | D:12     | 22483 ||| INVOKING Berserk.
 22541 | D:12     | 22541 ||| UPGRADING to +1 helmet of Etsog {Str+6}.
 22551 | D:12     | 22551 ||| DROPPING +1 helmet.
 22692 | D:13     | Reached skill level 6 in Dodging
 22693 | D:13     | 22693 ||| STAIRDANCE
 22876 | D:13     | 22876 ||| READING scroll of enchant armour.
 22876 | D:13     | 22876 ||| ENCHANTING +0 pair of boots.
 22895 | D:13     | Found a flagged portal.
 23261 | D:13     | Found a burning altar of Makhleb.
 23630 | D:13     | 23630 ||| UPGRADING to enchanted broad axe.
 23631 | D:13     | 23631 ||| SWAPPING to +4 broad axe of chopping.
 23632 | D:13     | 23632 ||| DROPPING +4 broad axe.
 23894 | D:13     | 23894 ||| EATING 55 fruits.
 23953 | D:13     | 23953 ||| UPGRADING to shiny chain mail.
 23963 | D:13     | 23963 ||| UPGRADING to +5 chain mail "Qixzopof" {+Blink rCorr Dex-3}.
 23973 | D:13     | 23973 ||| UPGRADING to +0 plate armour.
 23983 | D:13     | 23983 ||| UPGRADING to ring of fire.
 23985 | D:13     | 23985 ||| REMOVING ring of fire.
 23986 | D:13     | 23986 ||| UPGRADING to +5 ring of strength.
 23987 | D:13     | 23987 ||| UPGRADING to ring of ice.
 23989 | D:13     | 23989 ||| REMOVING ring of ice.
 23990 | D:13     | 23990 ||| UPGRADING to +5 ring of strength.
 23991 | D:13     | 23991 ||| READING 2 scrolls of identify.
 23991 | D:13     | 23991 ||| IDENTIFYING fuming grey potion
 23992 | D:13     | 23992 ||| DROPPING potion of magic.
 24298 | D:14     | 24298 ||| INVOKING Trog's Hand.
 24299 | D:14     | 24299 ||| INVOKING Berserk.
 24994 | D:14     | 24994 ||| STAIRDANCE
 25052 | D:13     | 25052 ||| INVOKING Brothers in Arms.
 25053 | D:13     | 25053 ||| SWAPPING to +0 morningstar.
 25054 | D:13     | 25054 ||| INVOKING Berserk.
 25062 | D:13     | 25062 ||| SWAPPING to +4 broad axe of chopping.
 25100 | D:13     | 25100 ||| UPGRADING to runed chain mail.
 25110 | D:13     | 25110 ||| UPGRADING to +5 chain mail "Qixzopof" {+Blink rCorr Dex-3}.
 25120 | D:13     | 25120 ||| UPGRADING to +0 plate armour.
 25130 | D:13     | 25130 ||| DROPPING +2 chain mail of poison resistance.
 25227 | D:14     | Found a gate to the Vaults.
 25266 | D:14     | 25266 ||| UPGRADING to broad axe of electrocution.
 25268 | D:14     | 25268 ||| UPGRADING to shield.
 25278 | D:14     | 25278 ||| UPGRADING to +5 chain mail "Qixzopof" {+Blink rCorr Dex-3}.
 25288 | D:14     | 25288 ||| READING scroll labeled VEOWKUNNAO.
 25404 | D:15     | Entered Level 15 of the Dungeon
 25488 | D:15     | 25488 ||| EATING 54 fruits.
 25547 | D:15     | Reached skill level 6 in Shields
 25691 | D:15     | 25691 ||| INVOKING Trog's Hand.
 25694 | D:15     | 25694 ||| INVOKING Berserk.
 25698 | D:15     | Reached XP level 16. HP: 106/106 MP: 16/16
 25725 | D:15     | Received a gift from Trog
 25747 | D:15     | Found a staircase to the Depths.
 26275 | D:15     | Reached skill level 9 in Shields
 26383 | D:15     | 26383 ||| INVOKING Brothers in Arms.
 26385 | D:15     | 26385 ||| SWAPPING to +0 morningstar.
 26386 | D:15     | 26386 ||| INVOKING Berserk.
 26397 | D:15     | 26397 ||| EATING 53 fruits.
 26399 | D:15     | 26399 ||| SWAPPING to +2 broad axe of electrocution.
 26435 | D:15     | 26435 ||| EATING 52 fruits.
 26448 | D:15     | 26448 ||| UPGRADING to shiny plate armour.
 26458 | D:15     | 26458 ||| DROPPING +0 plate armour.
 26647 | Orc:1    | Entered Level 1 of the Orcish Mines
 26648 | Orc:1    | 26648 ||| Entered O.
 26687 | Orc:1    | 26687 ||| DRINKING 8 potions of curing.
 26687 | Orc:1    | 26687 ||| (to cure confusion)
 26809 | Orc:1    | 26809 ||| INVOKING Trog's Hand.
 26828 | Orc:1    | 26828 ||| INVOKING Berserk.
 27006 | Orc:2    | Entered Level 2 of the Orcish Mines
 27006 | Orc:2    | Noticed Erolcha
 27007 | Orc:2    | 27007 ||| INVOKING Trog's Hand.
 27008 | Orc:2    | 27008 ||| INVOKING Brothers in Arms.
 27010 | Orc:2    | 27010 ||| INVOKING Berserk.
 27013 | Orc:2    | Killed Erolcha
 27079 | Orc:2    | Found a roughly hewn altar of Beogh.
 27151 | Orc:2    | 27151 ||| STAIRDANCE
 27271 | Orc:2    | 27271 ||| INVOKING Trog's Hand.
 27272 | Orc:2    | 27272 ||| INVOKING Berserk.
 27284 | Orc:2    | Found Naxez's Distillery.
 27290 | Orc:2    | 27290 ||| READING 5 scrolls of teleportation.
 27360 | Orc:2    | 27360 ||| EATING 9 bread rations.
 27396 | Orc:2    | 27396 ||| Invisible monster not found???
 27657 | Orc:2    | 27657 ||| INVOKING Trog's Hand.
 27659 | Orc:2    | 27659 ||| INVOKING Berserk.
 27747 | Orc:2    | Found an iron altar of Okawaru.
 27751 | Orc:2    | Found a staircase to the Elven Halls.
 27777 | Orc:2    | 27777 ||| INVOKING Trog's Hand.
 27778 | Orc:2    | 27778 ||| INVOKING Berserk.
 27891 | Orc:2    | Found a bloodstained altar of Trog.
 27910 | Orc:2    | 27910 ||| INVOKING Trog's Hand.
 27913 | Orc:2    | 27913 ||| INVOKING Berserk.
 27918 | Orc:2    | Reached skill level 12 in Shields
 27987 | Orc:2    | 27987 ||| INVOKING Trog's Hand.
 27988 | Orc:2    | 27988 ||| INVOKING Berserk.
 28105 | Orc:2    | Found Gusk's Antique Armour Shop.
 28105 | Orc:2    | Found Cyununk's Food Emporium.
 28105 | Orc:2    | Found Orghep's Antique Weapon Boutique.
 28123 | Orc:2    | Bought a potion of heal wounds for 80 gold pieces
 28123 | Orc:2    | Bought a potion of mutation for 128 gold pieces
 28123 | Orc:2    | Bought a potion of curing for 48 gold pieces
 28123 | Orc:2    | Bought a potion of curing for 48 gold pieces
 28123 | Orc:2    | Bought a potion of heal wounds for 80 gold pieces
 28123 | Orc:2    | Bought a potion of curing for 48 gold pieces
 28123 | Orc:2    | Bought a potion of curing for 48 gold pieces
 28124 | Orc:2    | 28124 ||| SHOPLISTING runed plate armour (728 gold, have 501).
 28124 | Orc:2    | Bought a shiny chain mail for 210 gold pieces
 28124 | Orc:2    | Bought a pair of runed gloves for 210 gold pieces
 28126 | Orc:2    | 28126 ||| SHOPLISTING runed flail (253 gold, have 81).
 28183 | Orc:2    | 28183 ||| INVOKING Trog's Hand.
 28186 | Orc:2    | 28186 ||| INVOKING Berserk.
 28499 | Orc:2    | 28499 ||| UPGRADING to shiny chain mail.
 28509 | Orc:2    | 28509 ||| UPGRADING to +5 chain mail "Qixzopof" {+Blink rCorr Dex-3}.
 28519 | Orc:2    | 28519 ||| DROPPING +2 chain mail of positive energy.
 28520 | Orc:2    | 28520 ||| UPGRADING to +2 plate armour of magic resistance.
 28530 | Orc:2    | 28530 ||| UPGRADING to pair of runed gloves.
 28540 | Orc:2    | 28540 ||| DROPPING +2 pair of gloves.
 29141 | Lair:4   | 29141 ||| DROPPING tomahawk.
 29172 | Lair:6   | 29172 ||| STAIRDANCE
 29183 | Lair:6   | 29183 ||| STAIRDANCE
 29211 | Lair:6   | 29211 ||| STAIRDANCE
 29251 | Lair:6   | 29251 ||| DROPPING 2 tomahawks.
 29322 | Shoals:1 | Entered Level 1 of the Shoals
 29323 | Shoals:1 | 29323 ||| Entered A.
 29376 | Shoals:1 | 29376 ||| INVOKING Burn Spellbooks.
 29382 | Shoals:1 | Found Reaj's Magic Scroll Emporium.
 29433 | Shoals:1 | Bought a scroll of teleportation for 48 gold pieces
 29433 | Shoals:1 | Bought a scroll of identify for 32 gold pieces
 29433 | Shoals:1 | 29433 ||| SHOPLISTING scroll of identify (32 gold, have 1).
 29433 | Shoals:1 | 29433 ||| SHOPLISTING scroll of remove curse (48 gold, have 1).
 29440 | Shoals:1 | 29440 ||| READING scroll of enchant armour.
 29440 | Shoals:1 | 29440 ||| ENCHANTING +1 pair of boots.
 29672 | Shoals:1 | Received a gift from Trog
 29675 | Shoals:1 | Reached XP level 17. HP: 111/111 MP: 17/17
 29810 | Shoals:1 | 29810 ||| Stepping ~*~*~tactically~*~*~ (cloud).
 30236 | Shoals:1 | 30236 ||| UPGRADING to tiny cabochon amulet.
 30238 | Shoals:1 | 30238 ||| UPGRADING to +4 amulet of reflection.
 30240 | Shoals:1 | 30240 ||| DROPPING amulet of regeneration.
 30241 | Shoals:1 | 30241 ||| UPGRADING to ring of evasion.
 30243 | Shoals:1 | 30243 ||| UPGRADING to +5 ring of strength.
 30245 | Shoals:1 | 30245 ||| DROPPING +3 ring of strength.
 30263 | Shoals:2 | Noticed Aizul
 30264 | Shoals:2 | 30264 ||| INVOKING Trog's Hand.
 30265 | Shoals:2 | 30265 ||| INVOKING Brothers in Arms.
 30267 | Shoals:2 | 30267 ||| INVOKING Berserk.
 30294 | Shoals:2 | Killed Aizul
 30298 | Shoals:2 | 30298 ||| EATING 51 fruits.
 30353 | Shoals:2 | 30353 ||| INVOKING Trog's Hand.
 30367 | Shoals:2 | Reached skill level 18 in Axes
 30403 | Shoals:2 | 30403 ||| EATING 50 fruits.
 30423 | Shoals:2 | Noticed a kraken
 30569 | Shoals:2 | 30569 ||| INVOKING Trog's Hand.
 30679 | Shoals:2 | Received a gift from Trog
 31257 | Shoals:2 | Killed a kraken
 31628 | Shoals:3 | 31628 ||| EATING 49 fruits.
 31635 | Shoals:3 | 31635 ||| READING scroll of enchant armour.
 31635 | Shoals:3 | 31635 ||| ENCHANTING +1 cloak.
 31664 | Shoals:3 | 31664 ||| INVOKING Burn Spellbooks.
 31695 | Shoals:3 | 31695 ||| INVOKING Burn Spellbooks.
 31890 | Shoals:3 | Reached skill level 15 in Fighting
 31921 | Shoals:3 | 31921 ||| STAIRDANCE
 32578 | Shoals:4 | Entered Level 4 of the Shoals
 32599 | Shoals:4 | 32599 ||| STAIRDANCE
 32728 | Shoals:4 | 32728 ||| STAIRDANCE
 32769 | Shoals:3 | 32769 ||| STAIRDANCE
 32844 | Shoals:3 | Received a gift from Trog
 32845 | Shoals:3 | 32845 ||| EATING 48 fruits.
 32954 | Shoals:4 | Noticed Ilsuiw
 32954 | Shoals:4 | 32954 ||| INVOKING Brothers in Arms.
 32970 | Shoals:4 | Killed Ilsuiw
 33126 | Shoals:4 | Got a brightly glowing plate armour
 33142 | Shoals:4 | 33142 ||| INVOKING Trog's Hand.
 33143 | Shoals:4 | 33143 ||| INVOKING Brothers in Arms.
 33184 | Shoals:4 | Reached skill level 15 in Shields
 33526 | Shoals:4 | Reached XP level 18. HP: 119/119 MP: 18/18
 33548 | Shoals:4 | 33548 ||| DROPPING +0 morningstar.
 33553 | Shoals:4 | Got a steaming chain mail
 33570 | Shoals:4 | 33570 ||| INVOKING Trog's Hand.
 33571 | Shoals:4 | 33571 ||| INVOKING Brothers in Arms.
 33614 | Shoals:4 | 33614 ||| STAIRDANCE
 33657 | Shoals:3 | 33657 ||| UPGRADING to steaming chain mail.
 33667 | Shoals:3 | Identified the cursed +1 chain mail "Cashul" {Int+8} (You found it on level 4 of the Shoals)
 33667 | Shoals:3 | 33667 ||| READING 4 scrolls of remove curse.
 33668 | Shoals:3 | 33668 ||| UPGRADING to +5 chain mail "Qixzopof" {+Blink rCorr Dex-3}.
 33678 | Shoals:3 | 33678 ||| DROPPING +1 chain mail "Cashul" {Int+8}.
 33679 | Shoals:3 | 33679 ||| UPGRADING to brightly glowing plate armour.
 33689 | Shoals:3 | Identified the cursed +1 plate armour "Lishraliul" {Str+3} (You found it on level 4 of the Shoals)
 33689 | Shoals:3 | 33689 ||| READING 3 scrolls of remove curse.
 33690 | Shoals:3 | 33690 ||| UPGRADING to +2 plate armour of magic resistance.
 33784 | Shoals:4 | Reached skill level 15 in Armour
 33789 | Shoals:4 | Received a gift from Trog
 33791 | Shoals:4 | 33791 ||| INVOKING Brothers in Arms.
 33798 | Shoals:4 | 33798 ||| INVOKING Berserk.
 33881 | Shoals:4 | 33881 ||| INVOKING Trog's Hand.
 33882 | Shoals:4 | 33882 ||| INVOKING Brothers in Arms.
 33910 | Shoals:4 | 33910 ||| Stepping randomly (cloudy).
 33911 | Shoals:4 | 33911 ||| Stepping randomly (cloudy).
 33952 | Shoals:4 | 33952 ||| STAIRDANCE
 33979 | Shoals:3 | 33979 ||| EATING 47 fruits.
 34029 | Shoals:4 | 34029 ||| STAIRDANCE
 34141 | Shoals:4 | 34141 ||| SWAPPING to runed broad axe {god gift}.
 34142 | Shoals:4 | 34142 ||| SWAPPING to +2 broad axe of electrocution.
 34143 | Shoals:4 | 34143 ||| DROPPING +2 antimagic broad axe.
 34200 | Shoals:4 | 34200 ||| STAIRDANCE
 34287 | Shoals:4 | 34287 ||| STAIRDANCE
 34453 | Shoals:4 | 34453 ||| INVOKING Burn Spellbooks.
 34493 | Shoals:4 | Got a barnacled rune of Zot
 34596 | Shoals:4 | Found a glowing golden altar of the Shining One.
 35195 | Shoals:2 | 35195 ||| EATING 46 fruits.
 35473 | D:14     | 35473 ||| EATING 45 fruits.
 35519 | Vaults:1 | Entered Level 1 of the Vaults
 35520 | Vaults:1 | 35520 ||| Entered V.
 35654 | Vaults:1 | 35654 ||| INVOKING Trog's Hand.
 35740 | Vaults:1 | 35740 ||| INVOKING Trog's Hand.
 35753 | Vaults:1 | 35753 ||| INVOKING Brothers in Arms.
 35754 | Vaults:1 | 35754 ||| INVOKING Brothers in Arms.
 35755 | Vaults:1 | 35755 ||| INVOKING Berserk.
 35763 | Vaults:1 | 35763 ||| READING 6 scrolls of teleportation.
 35867 | Vaults:1 | 35867 ||| Invisible monster not found???
 35875 | Vaults:1 | 35875 ||| INVOKING Trog's Hand.
 35924 | Vaults:1 | 35924 ||| INVOKING Brothers in Arms.
 36081 | Vaults:1 | 36081 ||| INVOKING Brothers in Arms.
 36553 | Vaults:1 | 36553 ||| INVOKING Berserk.
 36798 | Vaults:1 | Received a gift from Trog
 36881 | Vaults:1 | 36881 ||| INVOKING Trog's Hand.
 37022 | Vaults:1 | 37022 ||| UPGRADING to glowing chain mail.
 37032 | Vaults:1 | 37032 ||| UPGRADING to +5 chain mail "Qixzopof" {+Blink rCorr Dex-3}.
 37042 | Vaults:1 | 37042 ||| DROPPING +0 chain mail of fire resistance.
 37043 | Vaults:1 | 37043 ||| UPGRADING to +1 plate armour "Lishraliul" {Str+3}.
 37053 | Vaults:1 | 37053 ||| UPGRADING to +2 plate armour of magic resistance.
 37153 | Vaults:2 | 37153 ||| INVOKING Trog's Hand.
 37273 | Vaults:2 | 37273 ||| INVOKING Trog's Hand.
 37424 | Vaults:2 | Reached XP level 19. HP: 128/128 MP: 19/19
 37485 | Vaults:2 | 37485 ||| INVOKING Trog's Hand.
 37724 | Vaults:2 | Received a gift from Trog
 37751 | Vaults:2 | Found a staircase to the Crypt.
 37868 | Vaults:2 | 37868 ||| INVOKING Trog's Hand.
 37911 | Vaults:2 | 37911 ||| INVOKING Trog's Hand.
 37939 | Vaults:2 | Found a deep blue altar of Sif Muna.
 38027 | Vaults:2 | 38027 ||| INVOKING Brothers in Arms.
 38028 | Vaults:2 | 38028 ||| INVOKING Trog's Hand.
 38029 | Vaults:2 | 38029 ||| INVOKING Brothers in Arms.
 38036 | Vaults:2 | 38036 ||| INVOKING Berserk.
 38409 | Vaults:2 | 38409 ||| INVOKING Berserk.
 38418 | Vaults:2 | 38418 ||| INVOKING Trog's Hand.
 38422 | Vaults:2 | 38422 ||| EATING 44 fruits.
 38596 | Vaults:2 | 38596 ||| INVOKING Trog's Hand.
 38602 | Vaults:2 | 38602 ||| EATING 43 fruits.
 38700 | Vaults:2 | Reached skill level 18 in Fighting
 38839 | Vaults:2 | 38839 ||| INVOKING Trog's Hand.
 38956 | Vaults:3 | 38956 ||| INVOKING Trog's Hand.
 39138 | Vaults:3 | 39138 ||| INVOKING Trog's Hand.
 39165 | Vaults:3 | 39165 ||| INVOKING Trog's Hand.
 39515 | Vaults:3 | Reached skill level 18 in Armour
 39584 | Vaults:3 | 39584 ||| INVOKING Trog's Hand.
 39605 | Vaults:3 | 39605 ||| INVOKING Trog's Hand.
 39611 | Vaults:3 | 39611 ||| INVOKING Burn Spellbooks.
 39785 | Vaults:3 | 39785 ||| INVOKING Berserk.
 39990 | Vaults:3 | Received a gift from Trog
 40002 | Vaults:3 | 40002 ||| INVOKING Trog's Hand.
 40003 | Vaults:3 | 40003 ||| INVOKING Berserk.
 40021 | Vaults:3 | Reached XP level 20. HP: 137/137 MP: 20/20
 40035 | Vaults:3 | 40035 ||| EATING 42 fruits.
 40075 | Vaults:3 | 40075 ||| READING 2 scrolls of acquirement.
 40076 | Vaults:3 | 40076 ||| READING scroll of acquirement.
 40077 | Vaults:3 | Got a faintly humming shield
 40300 | Vaults:3 | 40300 ||| INVOKING Trog's Hand.
 40447 | Vaults:3 | 40447 ||| UPGRADING to faintly humming shield.
 40457 | Vaults:3 | Identified the +1 shield of the Doldrums {rC++ MR- Dex+5} (You acquired it on level 3 of the Vaults)
 40457 | Vaults:3 | 40457 ||| DROPPING +0 shield.
 40458 | Vaults:3 | 40458 ||| UPGRADING to glowing cloak.
 40468 | Vaults:3 | 40468 ||| UPGRADING to glowing chain mail.
 40478 | Vaults:3 | 40478 ||| READING 3 scrolls of remove curse.
 40479 | Vaults:3 | 40479 ||| UPGRADING to +5 chain mail "Qixzopof" {+Blink rCorr Dex-3}.
 40489 | Vaults:3 | 40489 ||| UPGRADING to +1 plate armour "Lishraliul" {Str+3}.
 40499 | Vaults:3 | 40499 ||| UPGRADING to +2 plate armour of magic resistance.
 40509 | Vaults:3 | 40509 ||| DROPPING -1 chain mail.
 40585 | Vaults:4 | 40585 ||| INVOKING Trog's Hand.
 40659 | Vaults:4 | 40659 ||| INVOKING Brothers in Arms.
 40671 | Vaults:4 | 40671 ||| EATING 41 fruits.
 40822 | Vaults:4 | 40822 ||| INVOKING Trog's Hand.
 40969 | Vaults:4 | Noticed Margery
 40970 | Vaults:4 | 40970 ||| DRINKING 2 potions of resistance.
 40971 | Vaults:4 | 40971 ||| INVOKING Brothers in Arms.
 40979 | Vaults:4 | 40979 ||| INVOKING Trog's Hand.
 40980 | Vaults:4 | 40980 ||| INVOKING Berserk.
 40984 | Vaults:4 | Reached skill level 9 in Dodging
 40990 | Vaults:4 | Killed Margery
 41000 | Vaults:4 | 41000 ||| INVOKING Trog's Hand.
 41001 | Vaults:4 | Received a gift from Trog
 41299 | Vaults:4 | 41299 ||| INVOKING Trog's Hand.
 41376 | Vaults:4 | 41376 ||| INVOKING Trog's Hand.
 41448 | Vaults:4 | 41448 ||| EATING 40 fruits.
 41804 | Vaults:4 | 41804 ||| INVOKING Trog's Hand.
 41931 | Vaults:4 | 41931 ||| INVOKING Trog's Hand.
 41945 | Vaults:4 | 41945 ||| INVOKING Burn Spellbooks.
 42232 | Vaults:4 | 42232 ||| UPGRADING to shiny chain mail.
 42242 | Vaults:4 | 42242 ||| UPGRADING to +5 chain mail "Qixzopof" {+Blink rCorr Dex-3}.
 42252 | Vaults:4 | 42252 ||| UPGRADING to +1 plate armour "Lishraliul" {Str+3}.
 42262 | Vaults:4 | 42262 ||| UPGRADING to +2 plate armour of magic resistance.
 42273 | Vaults:4 | 42273 ||| UPGRADING to +5 chain mail "Qixzopof" {+Blink rCorr Dex-3}.
 42278 | Vaults:4 | 42278 ||| UPGRADING to +1 plate armour "Lishraliul" {Str+3}.
 42288 | Vaults:4 | 42288 ||| UPGRADING to +2 plate armour of magic resistance.
 42307 | Vaults:4 | 42307 ||| UPGRADING to dented malachite amulet.
 42309 | Vaults:4 | 42309 ||| UPGRADING to +4 amulet of reflection.
 42311 | Vaults:4 | 42311 ||| DROPPING amulet of guardian spirit.
 42410 | Vaults:1 | Reached ****** piety under Trog
 42770 | Lair:5   | 42770 ||| EATING 39 fruits.
 42873 | Snake:1  | Entered Level 1 of the Snake Pit
 42873 | Snake:1  | Found a radiant altar of Vehumet.
 42874 | Snake:1  | 42874 ||| Entered P.
 43020 | Snake:1  | 43020 ||| EATING 38 fruits.
 43245 | Snake:1  | Received a gift from Trog
 43286 | Snake:1  | 43286 ||| EATING 37 fruits.
 43491 | Snake:1  | Reached XP level 21. HP: 144/144 MP: 21/21
 43851 | Snake:1  | 43851 ||| EATING 36 fruits.
 44128 | Snake:1  | 44128 ||| EATING 35 fruits.
 44187 | Snake:1  | 44187 ||| DROPPING 40 javelins.
 44188 | Snake:1  | 44188 ||| DROPPING 16 poisoned javelins.
 44189 | Snake:1  | 44189 ||| DROPPING silver javelin.
 44225 | Snake:2  | 44225 ||| STAIRDANCE
 44237 | Snake:2  | 44237 ||| STAIRDANCE
 44291 | Snake:2  | Noticed Asterion
 44308 | Snake:2  | Killed Asterion
 45043 | Snake:2  | You are sucked into a shaft!
 45044 | Snake:3  | 45044 ||| Shafted from Snake:2 to Snake:3.
 45049 | Snake:3  | Received a gift from Trog
 45803 | Snake:2  | 45803 ||| Successfully unshafted to Snake:2.
 45939 | Snake:2  | 45939 ||| UPGRADING to large shield.
 45949 | Snake:2  | 45949 ||| READING scroll labeled QAASCH ZANNAROW.
 46194 | Snake:3  | 46194 ||| EATING 34 fruits.
 46352 | Snake:3  | Received a gift from Trog
 46471 | Snake:3  | 46471 ||| EATING 33 fruits.
 46611 | Snake:4  | Entered Level 4 of the Snake Pit
 46645 | Snake:4  | Found Loir's Distillery.
 46653 | Snake:4  | Bought a potion of heal wounds for 85 gold pieces
 46653 | Snake:4  | Bought a potion of haste for 170 gold pieces
 46653 | Snake:4  | Bought a potion of mutation for 136 gold pieces
 46653 | Snake:4  | Bought a potion of curing for 51 gold pieces
 46924 | Snake:4  | Received a gift from Trog
 46926 | Snake:4  | 46926 ||| SWAPPING to glowing broad axe {god gift}.
 46927 | Snake:4  | 46927 ||| SWAPPING to +2 broad axe of electrocution.
 46928 | Snake:4  | 46928 ||| DROPPING +4 broad axe of chopping.
 47206 | Snake:4  | Got a serpentine rune of Zot
 47296 | Snake:4  | Reached XP level 22. HP: 152/152 MP: 22/22
 47797 | Snake:4  | 47797 ||| UPGRADING to glowing large shield.
 47807 | Snake:4  | 47807 ||| DROPPING +0 large shield.
 47808 | Snake:4  | 47808 ||| DROPPING +1 shield of the Doldrums {rC++ MR- Dex+5}.
 47809 | Snake:4  | 47809 ||| UPGRADING to peridot ring.
 47811 | Snake:4  | 47811 ||| REMOVING ring of stealth.
 47812 | Snake:4  | 47812 ||| DROPPING ring of stealth.
 47813 | Snake:4  | 47813 ||| UPGRADING to +4 ring of evasion.
 47851 | Snake:3  | 47851 ||| EATING 32 fruits.
 48099 | Depths:1 | Entered Level 1 of the Depths
 48100 | Depths:1 | 48100 ||| Entered U.
 48108 | Depths:1 | 48108 ||| INVOKING Brothers in Arms.
 48134 | Depths:1 | 48134 ||| EATING 31 fruits.
 48266 | Depths:1 | 48266 ||| EATING 30 fruits.
 48380 | Depths:1 | Found a flickering gateway to a bazaar.
 48381 | Depths:1 | 48381 ||| Found Bazaar.
 48407 | Bazaar   | Entered a bazaar
 48408 | Bazaar   | 48408 ||| Entered Bazaar.
 48414 | Bazaar   | Found Pousiate's Distillery.
 48419 | Bazaar   | Bought a potion of curing for 27 gold pieces
 48419 | Bazaar   | Bought a potion of haste for 90 gold pieces
 48419 | Bazaar   | Bought a potion of curing for 27 gold pieces
 48437 | Bazaar   | Found Haxy's Gadget Shop.
 48452 | Bazaar   | Found Cefaor's Food Shop.
 48465 | Bazaar   | Found Wutisch's Armour Shop.
 48471 | Bazaar   | Bought a +1 helmet of see invisible for 247 gold pieces
 48480 | Bazaar   | 48480 ||| UPGRADING to +1 helmet of see invisible.
 48529 | Depths:1 | Noticed Mara
 48586 | Depths:1 | 48586 ||| INVOKING Brothers in Arms.
 48587 | Depths:1 | 48587 ||| INVOKING Brothers in Arms.
 48593 | Depths:1 | Noticed adeptbot's illusion
 48597 | Depths:1 | 48597 ||| READING 8 scrolls of teleportation.
 48598 | Depths:1 | Killed Mara
 48611 | Depths:1 | 48611 ||| READING 7 scrolls of teleportation.
 48906 | Depths:1 | 48906 ||| READING 6 scrolls of teleportation.
 48908 | Depths:1 | Reached skill level 18 in Shields
 48910 | Depths:1 | 48910 ||| INVOKING Brothers in Arms.
 48930 | Depths:1 | 48930 ||| EATING 31 fruits.
 48954 | Depths:1 | 48954 ||| INVOKING Brothers in Arms.
 48959 | Depths:1 | 48959 ||| EATING 30 fruits.
 49002 | Depths:1 | 49002 ||| INVOKING Berserk.
 49030 | Depths:1 | 49030 ||| STAIRDANCE
 49032 | D:15     | 49032 ||| EATING 29 fruits.
 49170 | D:15     | 49170 ||| EATING 28 fruits.
 49435 | Depths:1 | 49435 ||| INVOKING Berserk.
 49442 | Depths:1 | 49442 ||| EATING 27 fruits.
 49443 | Depths:1 | 49443 ||| EATING 26 fruits.
 49475 | Depths:1 | 49475 ||| INVOKING Brothers in Arms.
 49504 | Depths:1 | 49504 ||| READING 5 scrolls of teleportation.
 49507 | Depths:1 | 49507 ||| EATING 25 fruits.
 49602 | Depths:1 | Received a gift from Trog
 49948 | Depths:1 | 49948 ||| INVOKING Berserk.
 50171 | Depths:1 | 50171 ||| INVOKING Trog's Hand.
 50173 | Depths:1 | 50173 ||| INVOKING Brothers in Arms.
 50182 | Depths:1 | 50182 ||| INVOKING Burn Spellbooks.
 50198 | Depths:1 | 50198 ||| READING 18 scrolls of identify.
 50198 | Depths:1 | 50198 ||| IDENTIFYING wand of digging (?/24)
 50199 | Depths:1 | 50199 ||| READING 6 scrolls of recharging.
 50199 | Depths:1 | 50199 ||| RECHARGING wand of digging (9/24).
 50200 | Depths:1 | 50200 ||| READING 17 scrolls of identify.
 50200 | Depths:1 | 50200 ||| IDENTIFYING wand of digging (?/24)
 50201 | Depths:1 | 50201 ||| DROPPING wand of digging (15/24).
 50285 | Depths:2 | 50285 ||| INVOKING Berserk.
 50412 | Depths:2 | 50412 ||| INVOKING Burn Spellbooks.
 50434 | Depths:2 | 50434 ||| INVOKING Trog's Hand.
 50446 | Depths:2 | Paralysed by a floating eye for 2 turns
 50451 | Depths:2 | Paralysed by a floating eye for 3 turns
 50494 | Depths:2 | 50494 ||| READING scroll of enchant weapon.
 50494 | Depths:2 | 50494 ||| ENCHANTING +2 broad axe of electrocution.
 50540 | Depths:2 | 50540 ||| INVOKING Brothers in Arms.
 50543 | Depths:2 | 50543 ||| INVOKING Berserk.
 50780 | Depths:2 | 50780 ||| INVOKING Berserk.
 50827 | Depths:2 | 50827 ||| EATING 28 fruits.
 50993 | Depths:2 | 50993 ||| INVOKING Berserk.
 51000 | Depths:2 | Received a gift from Trog
 51001 | Depths:2 | 51001 ||| EATING 27 fruits.
 51086 | Depths:2 | 51086 ||| EATING 26 fruits.
 51155 | Depths:2 | 51155 ||| INVOKING Berserk.
 51166 | Depths:2 | 51166 ||| EATING 25 fruits.
 51253 | Depths:2 | 51253 ||| INVOKING Trog's Hand.
 51286 | Depths:2 | 51286 ||| INVOKING Brothers in Arms.
 51294 | Depths:2 | 51294 ||| INVOKING Berserk.
 51694 | Depths:2 | 51694 ||| INVOKING Brothers in Arms.
 51837 | Depths:3 | Noticed Frederick
 51838 | Depths:3 | 51838 ||| INVOKING Brothers in Arms.
 51839 | Depths:3 | 51839 ||| STAIRDANCE
 51938 | Depths:3 | 51938 ||| STAIRDANCE
 51940 | Depths:2 | 51940 ||| INVOKING Brothers in Arms.
 51941 | Depths:2 | 51941 ||| INVOKING Berserk.
 51947 | Depths:2 | Killed Frederick
 51948 | Depths:2 | 51948 ||| EATING 25 fruits.
 51997 | Depths:2 | 51997 ||| UPGRADING to shiny chain mail.
 52007 | Depths:2 | 52007 ||| UPGRADING to +5 chain mail "Qixzopof" {+Blink rCorr Dex-3}.
 52017 | Depths:2 | 52017 ||| DROPPING +2 chain mail of cold resistance.
 52018 | Depths:2 | 52018 ||| UPGRADING to +3 chain mail of cold resistance.
 52028 | Depths:2 | 52028 ||| UPGRADING to +1 plate armour "Lishraliul" {Str+3}.
 52038 | Depths:2 | 52038 ||| UPGRADING to +2 plate armour of magic resistance.
 52051 | Depths:3 | 52051 ||| STAIRDANCE
 52053 | Depths:2 | 52053 ||| INVOKING Berserk.
 52067 | Depths:2 | 52067 ||| EATING 24 fruits.
 52147 | Depths:3 | Found a one-way gate leading to the halls of Pandemonium.
 52166 | Depths:3 | 52166 ||| INVOKING Trog's Hand.
 52232 | Depths:3 | Got a distressingly furry chain mail
 52239 | Depths:3 | Noticed a juggernaut
 52240 | Depths:3 | 52240 ||| INVOKING Trog's Hand.
 52241 | Depths:3 | 52241 ||| READING 5 scrolls of teleportation.
 52245 | Depths:3 | Noticed a juggernaut
 52247 | Depths:3 | 52247 ||| EATING 23 fruits.
 52270 | Depths:3 | Noticed Jory
 52289 | Depths:3 | Killed Jory
 52289 | Depths:3 | Reached XP level 23. HP: 129/158 MP: 23/23
 52443 | Depths:3 | 52443 ||| INVOKING Berserk.
 52754 | Depths:3 | 52754 ||| INVOKING Trog's Hand.
 52765 | Depths:3 | 52765 ||| INVOKING Berserk.
 52771 | Depths:3 | Reached skill level 21 in Fighting
 52787 | Depths:3 | Killed a juggernaut
 52800 | Depths:3 | Killed a juggernaut
 52805 | Depths:3 | 52805 ||| INVOKING Trog's Hand.
 52816 | Depths:3 | 52816 ||| READING 4 scrolls of teleportation.
 53078 | Depths:3 | 53078 ||| INVOKING Trog's Hand.
 53092 | Depths:3 | 53092 ||| READING 3 scrolls of teleportation.
 53099 | Depths:3 | 53099 ||| EATING 22 fruits.
 53183 | Depths:3 | 53183 ||| INVOKING Trog's Hand.
 53195 | Depths:3 | 53195 ||| INVOKING Berserk.
 53227 | Depths:3 | 53227 ||| READING 2 scrolls of teleportation.
 53231 | Depths:3 | 53231 ||| READING scroll of teleportation.
 53576 | Depths:3 | 53576 ||| INVOKING Berserk.
 53577 | Depths:3 | 53577 ||| EATING 18 bread rations.
 53582 | Depths:3 | Reached skill level 21 in Shields
 53644 | Depths:3 | 53644 ||| INVOKING Berserk.
 53755 | Depths:3 | Found a one-way gate to the infinite horrors of the Abyss.
 54053 | Depths:3 | 54053 ||| INVOKING Brothers in Arms.
 54054 | Depths:3 | 54054 ||| INVOKING Brothers in Arms.
 54132 | Depths:3 | 54132 ||| INVOKING Trog's Hand.
 54178 | Depths:3 | 54178 ||| UPGRADING to enchanted broad axe.
 54179 | Depths:3 | 54179 ||| SWAPPING to +3 broad axe of electrocution.
 54180 | Depths:3 | 54180 ||| DROPPING +2 broad axe.
 54362 | Depths:3 | 54362 ||| INVOKING Berserk.
 54467 | Depths:3 | 54467 ||| INVOKING Burn Spellbooks.
 54506 | Depths:3 | 54506 ||| INVOKING Trog's Hand.
 54676 | Depths:3 | 54676 ||| INVOKING Berserk.
 54790 | Depths:3 | Received a gift from Trog
 54794 | Depths:3 | 54794 ||| SWAPPING to glowing broad axe {god gift}.
 54795 | Depths:3 | 54795 ||| SWAPPING to +3 broad axe of electrocution.
 54796 | Depths:3 | 54796 ||| DROPPING +3 broad axe of flaming.
 54931 | Depths:3 | 54931 ||| INVOKING Trog's Hand.
 54932 | Depths:3 | 54932 ||| INVOKING Brothers in Arms.
 54937 | Depths:3 | Reached skill level 21 in Armour
 54938 | Depths:3 | 54938 ||| EATING 22 fruits.
 55011 | Depths:3 | 55011 ||| EATING 21 fruits.
 55053 | Depths:3 | 55053 ||| UPGRADING to distressingly furry chain mail.
 55063 | Depths:3 | Identified the +6 chain mail "Enueb" {rCorr Dex+3} (You took it off a rakshasa on level 3 of the Depths)
 55063 | Depths:3 | 55063 ||| DROPPING +5 chain mail "Qixzopof" {+Blink rCorr Dex-3}.
 55064 | Depths:3 | 55064 ||| UPGRADING to shiny plate armour.
 55074 | Depths:3 | 55074 ||| DROPPING +0 ice dragon scales.
 55075 | Depths:3 | 55075 ||| DROPPING +3 chain mail of cold resistance.
 55076 | Depths:3 | 55076 ||| DROPPING +1 plate armour "Lishraliul" {Str+3}.
 55280 | Depths:4 | 55280 ||| STAIRDANCE
 55291 | Depths:4 | 55291 ||| STAIRDANCE
 55388 | Depths:4 | 55388 ||| INVOKING Trog's Hand.
 55454 | Depths:4 | Noticed the Enchantress
 55458 | Depths:4 | Noticed Boris
 55463 | Depths:4 | 55463 ||| INVOKING Trog's Hand.
 55466 | Depths:4 | 55466 ||| INVOKING Berserk.
 55475 | Depths:4 | Killed Boris
 55487 | Depths:4 | Killed the Enchantress
 55584 | Depths:4 | Reached XP level 24. HP: 168/168 MP: 23/23
 55837 | Depths:4 | 55837 ||| READING scroll of enchant armour.
 55837 | Depths:4 | 55837 ||| ENCHANTING +1 helmet of see invisible.
 55885 | Depths:4 | 55885 ||| INVOKING Trog's Hand.
 55959 | Depths:4 | 55959 ||| EATING 20 fruits.
 56032 | Depths:4 | 56032 ||| INVOKING Trog's Hand.
 56086 | Depths:4 | 56086 ||| INVOKING Trog's Hand.
 56119 | Depths:4 | 56119 ||| INVOKING Berserk.
 56173 | Depths:4 | 56173 ||| STAIRDANCE
 56277 | Depths:3 | 56277 ||| UPGRADING to twisted tourmaline ring.
 56279 | Depths:3 | 56279 ||| REMOVING ring of wizardry.
 56280 | Depths:3 | 56280 ||| DROPPING ring of wizardry.
 56281 | Depths:3 | 56281 ||| UPGRADING to +4 ring of evasion.
 56299 | Depths:4 | 56299 ||| INVOKING Trog's Hand.
 56381 | Depths:4 | 56381 ||| STAIRDANCE
 56673 | Depths:4 | Noticed a juggernaut
 56676 | Depths:4 | Noticed Sojobo
 56677 | Depths:4 | 56677 ||| INVOKING Berserk.
 56697 | Depths:4 | Killed a juggernaut
 56703 | Depths:4 | 56703 ||| INVOKING Trog's Hand.
 56714 | Depths:4 | HP: 36/168 [titan/the air (20)]
 56715 | Depths:4 | 56715 ||| DRINKING 5 potions of heal wounds.
 56720 | Depths:4 | HP: 34/168 [sphinx/divine providence (12)]
 56721 | Depths:4 | 56721 ||| DRINKING 4 potions of heal wounds.
 56722 | Depths:4 | 56722 ||| INVOKING Trog's Hand.
 56723 | Depths:4 | 56723 ||| EATING 18 bread rations.
 56724 | Depths:4 | 56724 ||| DRINKING 3 potions of heal wounds.
 56726 | Depths:4 | Killed Sojobo
 56730 | Depths:4 | HP: 31/168 [titan (15)]
 56731 | Depths:4 | 56731 ||| DRINKING 2 potions of heal wounds.
 56733 | Depths:4 | 56733 ||| DRINKING potion of heal wounds.
 56738 | Depths:4 | HP: 41/168 [frost giant/bolt of cold[a glowing orange brain] (6)]
 56740 | Depths:4 | HP: 17/168 [titan/bolt of lightning (11)]
 56744 | Depths:4 | HP: 8/168 [ice dragon/blast of cold (3)]
 56746 | Depths:4 | HP: 1/168 [ice dragon/blast of cold[a glowing orange brain] (8)]
 56761 | Depths:4 | Killed from afar by an ice dragon

Vault maps used:
D:1:      minmay_arrival_five_plusses, hangedman_abyss_or_decor_lesser_grid,
          interstate_on_off
D:2:      marbit_many_paths, minitemple, first_bread, serial_co_window_serial,
          co_window_corner_a, co_window_paths_b, co_window_of_opportunity_a,
          co_window_paths_a, co_window_paths_a, co_window_broadway_a,
          co_window_of_opportunity_c, co_window_unsneaky_path_e,
          co_window_paths_c, co_window_unsneaky_path_c, co_window_2corner,
          glass_columns_a
D:3:      nicolae_gozag_cash_rules_everything_around_me
D:4:      old_forge, makhleb_grotto_becter, st_stairs_1, lemuel_blue_sif_altar,
          uniq_sigmund, uniq_duvessa, uniq_edmund
D:5:      old_standard_altar, vehumet_altar_wand_db, fedhas_altar_4
D:6:      kennysheep_little_box, kennysheep_mini, tso_oasis_becter,
          uniq_blork_the_orc
D:7:      lemuel_temple_firewalk_a
D:8:      tgw_xom, uniq_joseph, uniq_psyche, uniq_pikel, uniq_maurice
D:9:      lemuel_mausoleum_altar_kikubaaqudgha, minmay_lair_entry_grove,
          orc_0_dummy
D:10:     uniq_josephine
D:11:     special_room, blue_anna_alchemist, hangedman_tree_tricks,
          lemuel_hellish_altar
D:12:     serial_shops, shop, uniq_frances, uniq_harold
D:13:     enter_bailey_3, makhleb_altar_promises_db
D:14:     grunt_vaults_entry_fortified, serial_curves, eino_curves_02,
          eino_curves_02, eino_curves_02, eino_curves_03, nooodl_orcs_dogs
D:15:     hangedman_depths_entry_civil_slaughter, minmay_misc_feat_roman
Temple:   jpeg_temple_island
Lair:1:   beast_lair_carwin_5, uniq_fannar
Lair:2:   minmay_snake_entry_guardpost_small, enter_volcano_3,
          portal_ice_cave_entry_pillars_1, roderic_batcave
Lair:3:   elwin_shoals_entry_rocks, st_stairs_12, minivault_27,
          grunt_megastairs_1, lemuel_fruit_tree
Lair:4:   lab_entry_generic, zaba_antful_of_joy, uniq_rupert
Lair:5:   slime_altar_1, beast_lair_carwin_4, lemuel_fruit_fields,
          grunt_megastairs_2
Lair:6:   evil_forest, serial_bayou_shore_a, uniq_kirke
Shoals:1: serial_shops, shop_statue, argonaut_gorgonesque
Shoals:2: argonaut_golden_fleece, uniq_aizul
Shoals:3: ldierk_geyser, yaktaur_hedge
Shoals:4: shoals_end_simple, shoals_ilsuiw_alternative, lemuel_centaur_altar
Snake:1:  basic_altar, serial_bayou_shore_b, grunt_megastairs_3
Snake:2:  uniq_asterion
Snake:3:  evilmike_ambush, serial_bayou_shore_b, serial_bayou_shore_b
Snake:4:  minmay_snake_end_coiled, serial_shops, shop
Orc:1:    uniq_nergalle
Orc:2:    st_orc_ogre_mass, nicolae_orc_lava_tube, hangedman_feature_mirror,
          okawaru_metal_pillars_1_2, uniq_erolcha
Vaults:1: ontoclasm_vaults_tryst, nicolae_vaults_stairing_the_circle,
          nicolae_vaults_diagonal_hallway_7, v_misc_22, vaults_dpeg_ring,
          nicolae_vaults_ring_of_whatevers, hangedman_vaults_snaps,
          ontoclasm_vaults_shout
Vaults:2: minmay_crypt_entry_vampire_xt, vaults_room_corners, v_pattern_1,
          v_alt_pattern_4, nicolae_vaults_yaktaur_gun_rack,
          hangedman_vaults_locks, ontoclasm_vaults_twist,
          nicolae_vaults_little_squares_5, hangedman_vaults_trim,
          vaults_room_door_hall, v_misc_19, basic_altar
Vaults:3: v_misc_4, vaults_room_corners, vaults_dpeg_cross,
          ontoclasm_vaults_fault, nicolae_vaults_circle_grid_b,
          ontoclasm_vaults_hangar, vaults_standard_mumra_x,
          hangedman_vaults_maws, v_misc_19, v_misc_16,
          ontoclasm_vaults_loading_screen, vaults_room_hangedman_quadrants,
          vaults_room_pools, nicolae_vaults_rhombus_6
Vaults:4: vaults_standard_mumra_enter_the_diamond,
          nicolae_vaults_ring_of_whatevers, ontoclasm_vaults_loading_screen,
          nicolae_vaults_big_ls, nicolae_vaults_border_crossing,
          vaults_mumra_hex, grunt_vaults_bifocal, vaults_room_semicircle,
          uniq_margery
Depths:1: kennysheep_blocky_room, serial_shops, bzr_entry_water, hell_entry,
          minmay_misc_feat_diagonals, spider_trap, kennysheep_generic_room_6,
          uniq_mara
Depths:2: kennysheep_blocky_hall, pf_hell_entry_tar_river,
          minmay_staircase_statues_hall_large
Depths:3: grunt_deathspiral_small, hell_entry, pan_entry, abyss_entry,
          hangedman_abyss_or_decor_slice, infiniplex_staircase_pool_lava,
          uniq_jory, uniq_frederick
Depths:4: minmay_the_grid_octo_tiled_octocenter_mashed, hangedman_coc_ice_floe,
          hangedman_abyss_entry_splay, hangedman_decor_peaks_small,
          kennysheep_generic_room_10, minmay_staircase_statues, uniq_boris,
          uniq_sojobo, uniq_enchantress
Bazaar:   bazaar_jpeg_honeycomb

Skill      XL: |  1  2  3  4  5  6  7  8  9 10 11 12 13 14 15 16 17 18 19 20 21 22 23 24 |
---------------+-------------------------------------------------------------------------+-----
Axes           | 3 4 5 6 8 9 10 12 14 15 17 18 | 18.0
Shields        | 3 4 6 13 15 17 20 21 22 | 22.0
Fighting       | 4 6 8 9 10 11 12 13 14 15 17 18 19 20 21 22 | 22.0
Armour         | 3 4 6 7 9 10 11 12 13 14 16 18 19 20 21 | 21.3
Dodging        | 3 4 5 6 7 10 | 10.0

Action                   |  1- 3 |  4- 6 |  7- 9 | 10-12 | 13-15 | 16-18 | 19-21 | 22-24 || total
-------------------------+-------+-------+-------+-------+-------+-------+-------+-------++-------
Melee: Hand axe          |    92 |   112 |   205 |       |       |       |       |       ||   409
       War axe           |       |       |   142 |   621 |   293 |       |       |       ||  1056
       Morningstar       |       |       |       |    24 |    36 |     8 |       |       ||    68
       Broad axe         |       |       |       |       |   766 |  1306 |  1414 |  1390 ||  4876
Throw: Javelin           |    24 |    24 |    37 |       |       |    54 |    52 |       ||   191
       Tomahawk          |       |     1 |    18 |    57 |   110 |       |       |       ||   186
Invok: Berserk           |     4 |     3 |     9 |    17 |    16 |    13 |     5 |    21 ||    88
       Burn Spellbooks   |       |       |     1 |       |     1 |     4 |     2 |     3 ||    11
       Brothers in Arms  |       |       |       |     2 |    11 |    11 |     4 |    14 ||    42
       Trog's Hand       |       |       |       |       |     6 |    20 |    22 |    20 ||    68
 Abil: Fly               |       |       |       |       |     1 |       |       |       ||     1
  Use: Scroll            |    10 |     5 |     8 |    14 |     9 |     6 |     4 |    14 ||    70
       Potion            |     1 |       |     4 |     2 |       |     1 |     1 |     5 ||    14
 Stab: Distracted        |       |       |       |       |       |     1 |     1 |     1 ||     3
  Eat: Chunk             |     2 |     6 |    14 |    29 |    53 |    56 |    35 |    40 ||   235
       Fruit             |     1 |     3 |       |     8 |     6 |     9 |    12 |    21 ||    60
       Bread ration      |     1 |       |     1 |       |       |       |       |     1 ||     3
       Royal jelly       |       |       |     3 |     1 |       |       |       |       ||     4
Armor: Animal skin       |    19 |       |       |       |       |       |       |       ||    19
       Leather armour    |    11 |    27 |       |       |       |       |       |       ||    38
       Ring mail         |       |     9 |    46 |       |       |       |       |       ||    55
       Plate armour      |       |       |    85 |   315 |   448 |   308 |   299 |   375 ||  1830
       Chain mail        |       |       |       |       |    11 |    48 |       |       ||    59
Dodge: Dodged            |    56 |    58 |   112 |   202 |   322 |   289 |   392 |   283 ||  1714
Block: Buckler           |       |    16 |    96 |   213 |   379 |       |       |       ||   704
       Reflection        |       |       |     2 |    11 |    16 |   102 |   164 |    77 ||   372
       Shield            |       |       |       |       |    28 |   845 |   827 |       ||  1700
       Large shield      |       |       |       |       |       |       |   333 |  1419 ||  1752
